 Dungeon Crawl Stone Soup version 0.29.0-4-gdea44cf6ec (webtiles) character file.

Game seed: 6156750078088147986

361 qw the Chopper (level 6, 0/35 HPs)
             Began as a Tengu Warper on Aug 28, 2022.
             Slain by Grinder (6 damage)
             ... on level 4 of the Dungeon.
             The game lasted 00:00:17 (3295 turns).

qw the Chopper (Tengu Warper)                       Turns: 3295, Time: 00:00:18

Health: 0/35       AC:  8    Str: 13    XL:     6   Next: 66%
Magic:  10/10      EV:  7    Int: 13    God:
Gold:   133        SH:  0    Dex: 14    Spells: 9/9 levels left

rFire   . . .      SeeInvis .   Y - +0 hand axe (venom)
rCold   . . .      Faith    .   (no shield)
rNeg    . . .      Spirit   .   h - +0 chain mail
rPois   .          Reflect  .   (helmet restricted)
rElec   .          Harm     .   (no cloak)
rCorr   .          Rampage  .   (no gloves)
Will    .....                   (boots unavailable)
Stlth   ..........              (no amulet)
HPRegen 0.11/turn               (no ring)
MPRegen 0.12/turn               (no ring)

@: about to teleport, flying quickly and evasively, quick
A: beak, talons 3, nimble flight
a: no special abilities


You were on level 4 of the Dungeon.
You visited 1 branch of the dungeon, and saw 4 of its levels.

You collected 133 gold pieces.


Innate Abilities, Weirdness & Mutations

You have a beak for a mouth.
You have claws for feet.
Your magical nature lets you fly swiftly and evasively.


   Skills:
 + Level 2.0 Fighting
 - Level 7.1 Axes
 - Level 1.0 Throwing
 - Level 2.5 Armour
 - Level 2.1 Dodging
 - Level 2.0 Spellcasting
 - Level 2.4 Translocations


You had 9 spell levels left.
You didn't know any spells.
Your spell library contained the following spells:

 Spells                   Type           Power      Damage    Failure   Level
 Blink                    Tloc           14%        N/A       99%         2
 Gell's Gravitas          Tloc           7%         N/A       100%        3
 Lesser Beckoning         Tloc           7%         N/A       100%        3
 Teleport Other           Tloc           7%         N/A       100%        3
 Manifold Assault         Tloc           7%         N/A       100%        5

Inventory:

Hand Weapons
 j - a +0 morningstar
 Y - a +0 hand axe of venom (weapon)
Missiles
 k - 4 javelins (quivered)
Armour
 h - a +0 chain mail (worn)
 l - a +2 ring mail of fire resistance
Scrolls
 b - a scroll of silence {unknown}
 g - a scroll of identify
Potions
 a - a potion of cancellation {unknown}
 c - 2 potions of curing
 d - a potion of degeneration {unknown}
 f - a potion of flight {unknown}
 i - a potion of ambrosia {unknown}
 m - a potion of mutation {unknown}

Dungeon Overview and Level Annotations

Branches:
Dungeon (4/15)
 Temple: D:4-7

Altars:
Vehumet

Shops:
D:1 !

Annotations:
D:4 Grinder


Message History

Grinder is nearby!
Grinder shouts!
You hit Grinder. Your peck misses Grinder.
Grinder is lightly wounded.
Grinder gestures at you.
You suddenly lose the ability to move!
An endoplasm comes into view.
The endoplasm quivers.
Grinder hits you!
You writhe in agony.
An endoplasm comes into view.
Grinder says, "Are you a fish?"
Grinder blinks!
You can move again.
You hit Grinder.
Grinder is poisoned.
Your kick misses Grinder.
Grinder is lightly wounded.
You hit the endoplasm. Grinder hits you.
You writhe in agony.
The endoplasm closely misses you.
You hit the endoplasm.
You kill the endoplasm!
You barely miss the endoplasm. You hit Grinder.
Grinder looks as sick as possible!
The endoplasm hits you but does no damage.
Grinder completely misses you.
You hit Grinder.
Grinder is moderately wounded.
You hit the endoplasm but do no damage. The endoplasm freezes you.
You are frozen.
Grinder hits you but does no damage.
You hit Grinder but do no damage. You claw Grinder, but do no damage.
Your peck misses Grinder.
Grinder is moderately wounded.
You hit the endoplasm. The endoplasm freezes you.
You are frozen.
Grinder hits you.
You writhe in agony.
3295 ||| READING scroll of teleportation.
As you read the scroll of teleportation, it crumbles to dust.
You feel strangely unstable.
The endoplasm hits you but does no damage.
Grinder hits you.
You die...

## .. #### #.##..#
#.@5## #J.....).#
#...####..## #...
..# ...## ... #.##
.## ## # .5.# ##
#.######.#.###.#
#.#......../>##.##


You could see Grinder (extremely poisoned) and an endoplasm.

Vanquished Creatures
  Sigmund (D:3)
  Blork the orc (D:4)
  4 adders
  A gnoll (D:1)
  A shadow imp (D:3)
  2 worms
  2 dart slugs
  An orc (D:4)
  4 endoplasms
  3 giant cockroaches
  5 goblins
  9 hobgoblins
  4 jackals (D:1)
  3 quokkas
  9 ball pythons
  4 bats (D:2)
  A frilled lizard (D:2)
  6 kobolds
  3 rats
64 creatures vanquished.

Notes
Turn   | Place    | Note
-------+----------+-------------------------------------------
     0 | D:1      | qw the Tengu Warper began the quest for the Orb.
     0 | D:1      | Reached XP level 1. HP: 12/12 MP: 4/4
     0 | D:1      | 0 ||| qw: Version: 0.1-a-89-g26bdef1
     0 | D:1      | 0 ||| qw: Game counter: 2971
     0 | D:1      | 0 ||| qw: Always use a shield: true
     0 | D:1      | 0 ||| qw: God list: Okawaru
     0 | D:1      | 0 ||| qw: Allow faded altars: false
     0 | D:1      | 0 ||| qw: Do Orc after D:15 true
     0 | D:1      | 0 ||| qw: Do second Lair branch before Depths: true
     0 | D:1      | 0 ||| qw: Lair rune preference: random
     0 | D:1      | 0 ||| qw: Plans: Normal
     0 | D:1      | 0 ||| PLANNING D:1-11
   269 | D:1      | Reached XP level 2. HP: 17/17 MP: 6/6
   278 | D:1      | Reached skill level 3 in Axes
   382 | D:1      | 382 ||| Stepping ~*~*~tactically~*~*~ (stealth).
   678 | D:1      | 678 ||| Stepping ~*~*~tactically~*~*~ (stealth).
   691 | D:1      | Reached XP level 3. HP: 10/21 MP: 7/7
   806 | D:1      | 806 ||| Stepping ~*~*~tactically~*~*~ (stealth).
   871 | D:1      | Reached skill level 4 in Axes
   942 | D:1      | Found Junukaci's Distillery.
   952 | D:1      | 952 ||| SHOPLISTING potion of cancellation (80 gold, have
                  | 24).
   952 | D:1      | 952 ||| SHOPLISTING potion of haste (100 gold, have 24).
   952 | D:1      | 952 ||| SHOPLISTING potion of heal wounds (50 gold, have
                  | 24).
  1155 | D:1      | 1155 ||| READING scroll labelled MAORAOXEBI.
  1283 | D:1      | 1283 ||| READING 2 scrolls labelled LOEN WAWNEIBOG.
  1287 | D:1      | 1287 ||| READING scroll labelled CIMAW BO TIARIRA.
  1288 | D:1      | 1288 ||| READING scroll labelled OQIFUAKHEM.
  1289 | D:1      | 1289 ||| READING scroll labelled NOITROCURGH.
  1290 | D:1      | 1290 ||| READING scroll labelled IGUFAV QAALI.
  1291 | D:1      | 1291 ||| READING 2 scrolls labelled UROXKUP YLILE.
  1292 | D:1      | 1292 ||| DROPPING scroll of blinking.
  1293 | D:1      | 1293 ||| DROPPING scroll of noise.
  1314 | D:2      | 1314 ||| STAIRDANCE
  1660 | D:2      | Reached XP level 4. HP: 25/26 MP: 8/8
  1842 | D:2      | Reached skill level 5 in Axes
  1859 | D:2      | Identified the +8 whip of the Conjuring Gods {flame, rCorr}
  1861 | D:2      | 1861 ||| DROPPING +0 club.
  1957 | D:2      | Identified the +7 whip "Isaiv" {spect, Str+6}
  1963 | D:2      | 1963 ||| DROPPING +8 whip of the Conjuring Gods {flame,
                  | rCorr}.
  1969 | D:2      | 1969 ||| DROPPING +7 whip "Isaiv" {spect, Str+6}.
  2010 | D:2      | 2010 ||| Stepping ~*~*~tactically~*~*~ (stealth).
  2173 | D:2      | 2173 ||| READING scroll labelled QIWERE CINIO.
  2174 | D:2      | 2174 ||| DRINKING 2 emerald potions.
  2188 | D:3      | 2188 ||| Stepping ~*~*~tactically~*~*~ (hiding).
  2282 | D:3      | Found a faded altar of an unknown god.
  2735 | D:3      | Gained mutation: Your magical nature lets you fly swiftly
                  | and evasively. [Tengu growth]
  2735 | D:3      | Reached XP level 5. HP: 24/30 MP: 9/9
  2946 | D:3      | 2946 ||| UPGRADING to +0 chain mail.
  2956 | D:3      | 2956 ||| DROPPING +0 leather armour.
  2971 | D:4      | Noticed Sigmund
  2971 | D:4      | Found a radiant altar of Vehumet.
  2972 | D:4      | 2972 ||| STAIRDANCE
  2979 | D:3      | Killed Sigmund
  2980 | D:3      | Reached skill level 7 in Axes
  2980 | D:3      | Reached XP level 6. HP: 32/35 MP: 10/10
  3044 | D:4      | Noticed Blork the orc
  3044 | D:4      | Noticed Grinder
  3048 | D:4      | HP: 8/35 [Grinder (5)]
  3049 | D:4      | 3049 ||| READING 2 scrolls of teleportation.
  3053 | D:4      | Killed Blork the orc
  3063 | D:4      | 3063 ||| Stepping ~*~*~tactically~*~*~ (stealth).
  3287 | D:4      | Paralysed by Grinder for 4 turns
  3294 | D:4      | HP: 6/35 [Grinder (4)]
  3295 | D:4      | 3295 ||| READING scroll of teleportation.
  3295 | D:4      | Slain by Grinder

Levels and vault maps discovered:
D:1:      dpeg_arrival_water_temple_mockup, layout_basic, serial_shops,
          nicolae_shop_advertising_works [nicolae_subvault_shop_adworks]
D:2:      layout_rooms, minmay_misc_feat_secret_circle, grunt_ministairs_7,
          minmay_box_of_dots
D:3:      layout_loops_ring, ebering_ecumenical_altar_ruins
D:4:      wad_crossroads, layout_loops_ring, good_gods_mini_temple,
          nicolae_ru_the_path_less_chosen, overflow_temple_1_default,
          nicolae_overflow_two_pavilions, uniq_blork_the_orc, uniq_sigmund,
          uniq_edmund, uniq_grinder, uniq_natasha

Skill      XL: |  1  2  3  4  5  6 |
---------------+-------------------+-----
Axes           | 3 4 5 7 |  7.1
Armour         | 2 |  2.5
Fighting       | |  2.0
Throwing       | |  1.0
Dodging        | |  2.1
Spellcasting   | |  2.0
Translocations | |  2.4

Action                   |  1- 3 |  4- 6 || total
-------------------------+-------+-------++-------
Melee: Hand axe          |    62 |    65 ||   127
       Kick              |    21 |    15 ||    36
       Peck              |     7 |     8 ||    15
       Punch             |       |     1 ||     1
Throw: Boomerang         |     7 |       ||     7
       Javelin           |       |     9 ||     9
  Use: Scroll            |     7 |     3 ||    10
       Potion            |       |     1 ||     1
Armor: Leather armour    |    12 |    11 ||    23
       Chain mail        |       |     7 ||     7
Dodge: Dodged            |    31 |    23 ||    54

Table legend:
 A = Non-vault XP
 B = Vault XP
 C = Vault XP percentage of total XP
 D = Non-vault monster count
 E = Vault monster count
 F = Vault count percentage of total count
                 A         B        C        D         E       F
            +---------+---------+-------+---------+---------+-------
      Total |     178 |     338 |  65.5 |      56 |       8 |  12.5
            +---------+---------+-------+---------+---------+-------
        D:1 |      54 |       2 |   3.6 |      23 |       1 |   4.2
        D:2 |      67 |       6 |   8.2 |      22 |       5 |  18.5
        D:3 |      50 |     231 |  82.2 |       8 |       1 |  11.1
        D:4 |       7 |      99 |  93.4 |       3 |       1 |  25.0
            +---------+---------+-------+---------+---------+-------
